 Dungeon Crawl Stone Soup version 0.23-a0-274-g77505739ee (webtiles) character file.

109 Henning the Skirmisher (level 4, -6/41 HPs)
             Began as a Gnoll Abyssal Knight on Oct 2, 2018.
             Was a Believer of Lugonu.
             Mangled by a worm (8 damage)
             ... on level 2 of the Dungeon.
             The game lasted 00:06:02 (1880 turns).

Henning the Skirmisher (Gnoll Abyssal Knight)       Turns: 1880, Time: 00:06:03

Health: -6/41      AC:  3    Str: 16    XL:     4   Next: 89%
Magic:  7/7        EV: 13    Int: 14    God:    Lugonu [**....]
Gold:   80         SH:  0    Dex: 14    Spells: 5/5 levels left

rFire    . . .     SeeInvis .   a - +1 mace
rCold    . . .     Gourm    .   (no shield)
rNeg     . . .     Faith    .   b - +0 leather armour
rPois    .         Spirit   .   (no helmet)
rElec    .         Reflect  .   (no cloak)
rCorr    .         Harm     .   (no gloves)
MR       .....                  (no boots)
Stlth    ++........             (no amulet)
HPRegen  0.13/turn              (no ring)
MPRegen  0.10/turn              (no ring)

@: no status effects
A: distributed training, fangs 1, strong nose
a: Depart the Abyss, Bend Space, Renounce Religion


You were on level 2 of the Dungeon.
You worshipped Lugonu.
Lugonu was pleased with you.
You were not hungry.

You visited 1 branch of the dungeon, and saw 2 of its levels.
You visited the Abyss 1 time.

You collected 80 gold pieces.

Inventory:

Hand Weapons
 a - a +1 mace (weapon)
Armour
 b - a +0 leather armour (worn)
Scrolls
 d - 2 scrolls of teleportation {unknown}
 e - a scroll of random uselessness {unknown}
 f - 2 scrolls of magic mapping {unknown}
 g - 4 scrolls of identify {unknown}
 k - a scroll of enchant armour {unknown}
 l - a scroll of fear {unknown}
Potions
 h - a potion of degeneration {unknown}
 i - a potion of magic {unknown}
 j - a potion of lignification {unknown}
 m - a potion of curing {unknown}
Comestibles
 c - 7 rations


   Skills:
 + Level 6.6 Fighting
 + Level 1.2 Short Blades
 + Level 1.2 Long Blades
 + Level 1.2 Axes
 + Level 4.7 Maces & Flails
 + Level 1.2 Polearms
 + Level 1.2 Staves
 + Level 1.2 Slings
 + Level 1.2 Bows
 + Level 1.2 Crossbows
 + Level 1.2 Throwing
 + Level 4.7 Armour
 + Level 2.8 Dodging
 + Level 1.2 Stealth
 + Level 1.2 Shields
 + Level 1.2 Unarmed Combat
 + Level 1.2 Spellcasting
 + Level 1.0 Conjurations
 + Level 1.0 Hexes
 + Level 1.0 Charms
 + Level 1.0 Summonings
 + Level 1.0 Necromancy
 + Level 1.0 Translocations
 + Level 1.0 Transmutations
 + Level 1.0 Fire Magic
 + Level 1.0 Ice Magic
 + Level 1.0 Air Magic
 + Level 1.0 Earth Magic
 + Level 1.0 Poison Magic
 + Level 4.7 Invocations
 + Level 1.2 Evocations


You had 5 spell levels left.
You didn't know any spells.
Your spell library was empty.

Dungeon Overview and Level Annotations

Branches:
Dungeon (2/15)

Altars:
Nemelex Xobeh
Trog


Innate Abilities, Weirdness & Mutations

Your experience applies equally to all skills.
You have very sharp teeth.
Your uncanny sense of smell can sniff out nearby items.


Message History

You hit the rat.
You kill the rat!
Lugonu accepts your kill.
You hit the worm.
The worm is moderately wounded.
You hit the worm but do no damage.
The worm is moderately wounded.
The worm bites you.
* * * LOW HITPOINT WARNING * * *
You barely miss the worm.
The worm is moderately wounded.
The worm looks more energetic.
You barely miss the worm.
The worm is moderately wounded.
The worm bites you.
* * * LOW HITPOINT WARNING * * *
You barely miss the worm. Your bite misses the worm.
The worm is moderately wounded.
The worm bites you!
You die...

#.#######
#...._..).####.
#.......#
##.........##(((
#######.#
#....###....#)#. #.####
#...##y##...#.## #....#
#....###....#.# ####.#
#...........#.# #.#
##.........##.##
#.########.......###...
#.....@w.####w#### #.##
#########.# #.## ###
#.###w.# #......#
########


You could see a worm.

Vanquished Creatures
  A hound skeleton (D:2)
  3 adders (D:2)
  An ooze (D:1)
  5 worms (D:2)
  2 dart slugs (D:2)
  4 bats (D:1)
  A bat skeleton (D:2)
  2 giant cockroaches
  A goblin (D:1)
  6 hobgoblins
  5 jackals
  4 kobolds
  4 frilled lizards (D:1)
  A quokka skeleton (D:2)
  8 rats
48 creatures vanquished.

Vanquished Creatures (others)
  A frilled lizard (D:1)
1 creature vanquished.

Grand Total: 49 creatures vanquished

Notes
Turn   | Place    | Note
-------+----------+-------------------------------------------
     0 | Abyss:1  | Henning the Gnoll Abyssal Knight began the quest for the
                  | Orb.
     0 | Abyss:1  | Reached XP level 1. HP: 23/23 MP: 3/3
    15 | Abyss:1  | Noticed an ancient zyme
    30 | D:1      | Escaped the Abyss
    82 | D:1      | Reached XP level 2. HP: 21/29 MP: 5/5
   411 | D:1      | Reached XP level 3. HP: 35/35 MP: 6/6
   439 | D:1      | Reached ** piety under Lugonu
   620 | D:1      | Found a sparkling altar of Nemelex Xobeh.
   722 | D:2      | Reached skill level 1 in Short Blades
   722 | D:2      | Reached skill level 1 in Long Blades
   722 | D:2      | Reached skill level 1 in Axes
   722 | D:2      | Reached skill level 1 in Polearms
   722 | D:2      | Reached skill level 1 in Staves
   722 | D:2      | Reached skill level 1 in Slings
   722 | D:2      | Reached skill level 1 in Bows
   722 | D:2      | Reached skill level 1 in Crossbows
   722 | D:2      | Reached skill level 1 in Throwing
   722 | D:2      | Reached skill level 1 in Stealth
   722 | D:2      | Reached skill level 1 in Shields
   722 | D:2      | Reached skill level 1 in Unarmed Combat
   722 | D:2      | Reached skill level 1 in Spellcasting
   722 | D:2      | Reached skill level 1 in Evocations
   942 | D:2      | Reached XP level 4. HP: 40/41 MP: 7/7
  1581 | D:2      | Reached skill level 1 in Conjurations
  1581 | D:2      | Reached skill level 1 in Hexes
  1581 | D:2      | Reached skill level 1 in Charms
  1581 | D:2      | Reached skill level 1 in Summonings
  1581 | D:2      | Reached skill level 1 in Necromancy
  1581 | D:2      | Reached skill level 1 in Translocations
  1581 | D:2      | Reached skill level 1 in Transmutations
  1581 | D:2      | Reached skill level 1 in Fire Magic
  1581 | D:2      | Reached skill level 1 in Ice Magic
  1581 | D:2      | Reached skill level 1 in Air Magic
  1581 | D:2      | Reached skill level 1 in Earth Magic
  1581 | D:2      | Reached skill level 1 in Poison Magic
  1842 | D:2      | Noticed a moth of wrath
  1845 | D:2      | Found a bloodstained altar of Trog.
  1879 | D:2      | HP: 2/41 [worm (1)]
  1880 | D:2      | Mangled by a worm

Vault maps used:
D:1:      shiori_arrival_oz, hangedman_decor_push, nemelex_altar_shiori
D:2:      tgw_trog, serial_undead, serial_undead_a, serial_undead_e,
          serial_undead_b, serial_undead_f, serial_undead_b, serial_undead_f

Skill      XL: |  1  2  3  4 |
---------------+-------------+-----
Short Blades   | 1 |  1.2
Long Blades    | 1 |  1.2
Axes           | 1 |  1.2
Polearms       | 1 |  1.2
Staves         | 1 |  1.2
Slings         | 1 |  1.2
Bows           | 1 |  1.2
Crossbows      | 1 |  1.2
Throwing       | 1 |  1.2
Stealth        | 1 |  1.2
Shields        | 1 |  1.2
Unarmed Combat | 1 |  1.2
Spellcasting   | 1 |  1.2
Evocations     | 1 |  1.2
Conjurations   | 1 |  1.0
Hexes          | 1 |  1.0
Charms         | 1 |  1.0
Summonings     | 1 |  1.0
Necromancy     | 1 |  1.0
Translocations | 1 |  1.0
Transmutations | 1 |  1.0
Fire Magic     | 1 |  1.0
Ice Magic      | 1 |  1.0
Air Magic      | 1 |  1.0
Earth Magic    | 1 |  1.0
Poison Magic   | 1 |  1.0
Fighting       | |  6.6
Maces & Flails | |  4.7
Armour         | |  4.7
Dodging        | |  2.8
Invocations    | |  4.7

Action                   |  1- 3 |  4- 6 || total
-------------------------+-------+-------++-------
Melee: Mace              |    81 |    72 ||   153
       Bite              |     4 |     8 ||    12
 Stab: Sleeping          |     1 |     2 ||     3
  Eat: Chunk             |       |     3 ||     3
Armor: Leather armour    |    18 |     4 ||    22
Dodge: Dodged            |    64 |    45 ||   109

Table legend:
 A = Non-vault XP
 B = Vault XP
 C = Vault XP percentage of total XP
 D = Non-vault monster count
 E = Vault monster count
 F = Vault count percentage of total count
                 A         B        C        D         E       F
            +---------+---------+-------+---------+---------+-------
      Total |     129 |      27 |  17.3 |      40 |       8 |  16.7
            +---------+---------+-------+---------+---------+-------
        D:1 |      43 |       2 |   4.4 |      23 |       1 |   4.2
        D:2 |      86 |      25 |  22.5 |      17 |       7 |  29.2
            +---------+---------+-------+---------+---------+-------
